 Dungeon Crawl Stone Soup version 0.27-a0-1301-g128193abf8 (webtiles) character file.

Game seed: 13025650199840055704

135 mordus the Chopper (level 4, 0/39 HPs)
             Began as a Minotaur Monk on June 17, 2021.
             Succumbed to a gnoll's poison
             ... on level 3 of the Dungeon.
             The game lasted 00:02:07 (1955 turns).

mordus the Chopper (Minotaur Monk)                  Turns: 1955, Time: 00:02:07

Health: 0/39       AC:  9    Str: 17    XL:     4   Next: 96%
Magic:  3/3        EV: 11    Int:  7    God:
Gold:   125        SH:  0    Dex: 12    Spells: 3/3 levels left

rFire    . . .     SeeInvis .   a - +0 hand axe
rCold    . . .     Faith    .   (no shield)
rNeg     . . .     Spirit   .   o - +0 ring mail
rPois    .         Reflect  .   (helmet restricted)
rElec    .         Harm     .   d - +2 cloak {Will+}
rCorr    .         Rampage  .   i - +0 pair of gloves
Will     +....                  (no boots)
Stlth    +.........             (no amulet)
HPRegen  0.13/turn              (no ring)
MPRegen  0.08/turn              (no ring)

@: lethally poisoned (0 -> -3)
A: horns 2, retaliatory headbutt
a: no special abilities


You were on level 3 of the Dungeon.
You visited 1 branch of the dungeon, and saw 3 of its levels.

You collected 125 gold pieces.

Inventory:

Hand Weapons
 a - a +0 hand axe (weapon)
Armour
 b - a +0 robe
 d - a +2 cloak of willpower (worn)
 i - a +0 pair of gloves (worn)
 o - a +0 ring mail (worn)
Scrolls
 c - 5 scrolls of identify {unknown}
 g - a scroll of blinking {unknown}
 h - a scroll of enchant weapon {unknown}
 j - a scroll of silence {unknown}
 k - a scroll of vulnerability {unknown}
 l - a scroll of acquirement {unknown}
Potions
 e - a potion of heal wounds {unknown}
 f - 3 potions of mutation {unknown}
 m - a potion of flight {unknown}
 n - a potion of haste {unknown}
 p - a potion of ambrosia {unknown}


   Skills:
 - Level 3.6 Fighting
 * Level 6.0 Axes
 + Level 3.0 Armour
 - Level 3.2 Dodging
 - Level 1.5 Stealth


You had 3 spell levels left.
You didn't know any spells.
Your spell library was empty.

Dungeon Overview and Level Annotations

Branches:
Dungeon (3/15)

Altars:
Nemelex Xobeh
Qazlal


Innate Abilities, Weirdness & Mutations

You have a pair of horns on your head.
You reflexively headbutt those who attack you in melee.


Message History

You slash the gnoll! Your headbutt misses the gnoll.
The gnoll is heavily wounded.
The gnoll hits you with a +2 whip of venom.
You are poisoned.
You hit the gnoll.
The gnoll is almost dead.
You feel very sick. The gnoll barely misses you.
You hit the gnoll but do no damage.
The gnoll is almost dead.
You feel sick.
The gnoll hits you with a +2 whip of venom.
You are more poisoned.
You slash the gnoll!
You kill the gnoll!
You feel very sick.
The gnoll throws a throwing net.
The throwing net hits you.
You become entangled in the net!
Your Axes skill increases to level 6!
Your Armour skill increases to level 3!
You are too injured to fight recklessly!
You are too injured to fight recklessly!
You are too injured to fight recklessly!
You struggle against the net.
You feel very sick.
You struggle against the net.
You feel sick. The gnoll barely misses you.
You struggle against the net.
You feel sick. The gnoll hits you with a +0 whip.
* * * LOW HITPOINT WARNING * * *
You rip the net and break free!
* * * LOW HITPOINT WARNING * * *
You feel sick. The gnoll misses you.
You hit the gnoll.
The gnoll is moderately wounded.
* * * LOW HITPOINT WARNING * * *
You feel sick. The gnoll closely misses you. You furiously retaliate!
You headbutt the gnoll.
* * * LOW HITPOINT WARNING * * *
You feel sick.
You slash the gnoll!
You kill the gnoll!
You die...

..........#.#
#.#
..........#.#
#.#
..........#.#
#.##
..........#.#
#..#
..........#.#
##.#
#........#..#
#.#
.....).....##
#.#
......)....#
#.#
....).)....#
#@#
...........#
#)#
...........#
#)#
#†......(#.#
#.#
##......##.#
#.# #########
# #.# ..# #..
..## ##.
...(# .


There were no monsters in sight!

Vanquished Creatures
  An orc priest (D:3)
  4 gnolls (D:3)
  2 adders
  3 dart slugs
  4 orcs (D:3)
  4 bats
  5 endoplasms
  A hobgoblin (D:3)
  6 jackals
  6 kobolds
  4 quokkas
  2 ball pythons (D:3)
  A frilled lizard (D:3)
  4 goblins
  2 rats (D:2)
49 creatures vanquished.

Notes
Turn   | Place    | Note
-------+----------+-------------------------------------------
     0 | D:1      | mordus the Minotaur Monk began the quest for the Orb.
     0 | D:1      | Reached XP level 1. HP: 19/19 MP: 0/0
    64 | D:1      | Found a faded altar of an unknown god.
    69 | D:1      | Reached skill level 4 in Axes
   116 | D:1      | Reached skill level 1 in Armour
   241 | D:1      | Reached XP level 2. HP: 22/26 MP: 1/1
  1025 | D:2      | Reached XP level 3. HP: 26/31 MP: 2/2
  1234 | D:2      | Found a sparkling altar of Nemelex Xobeh.
  1322 | D:2      | Reached skill level 5 in Axes
  1506 | D:3      | Found a stormy altar of Qazlal.
  1673 | D:3      | Reached XP level 4. HP: 38/39 MP: 3/3
  1949 | D:3      | Reached skill level 6 in Axes
  1954 | D:3      | HP: 1/39 [poisoned by a gnoll]
  1955 | D:3      | Succumbed to a gnoll's poison

Illustrated notes

Levels and vault maps discovered:
D:1:      lemuel_arrival_hallway, layout_rooms, ebering_ecumenical_altar_webs,
          st_stairs_2, minivault_11
D:2:      layout_basic, basic_altar, minmay_close_crescents
D:3:      layout_rooms, nicolae_qazlal_general_emergency, corner_web_ring

Skill      XL: |  1  2  3  4 |
---------------+-------------+-----
Axes           | 4 5 6 |  6.0
Armour         | 1 2 3 |  3.0
Fighting       | |  3.6
Dodging        | |  3.2
Stealth        | |  1.5

Action                   |  1- 3 |  4- 6 || total
-------------------------+-------+-------++-------
Melee: Hand axe          |    79 |    22 ||   101
       Headbutt          |    11 |     5 ||    16
 Stab: Sleeping          |     2 |       ||     2
       Distracted        |     1 |       ||     1
Armor: Robe              |    19 |     6 ||    25
Dodge: Dodged            |    47 |    16 ||    63

Table legend: (Time is in decaauts)
 A = Elapsed time spent in this place.
 B = Non-inter-level travel time spent in this place.
 C = Inter-level travel time spent in this place.
 D = Time resting spent in this place.
 E = Time spent auto-exploring this place.
 F = Levels seen in this place.
 G = Mean time per level.
                   A        B        C        D        E       F      G
               +--------+--------+--------+--------+--------+-----+--------+
         Total |   1960 |   1905 |     55 |    142 |   1461 |   3 |  653.3 |
       Dungeon |   1960 |   1905 |     55 |    142 |   1461 |   3 |  653.3 |
               +--------+--------+--------+--------+--------+-----+--------+

Top non-repeatable levels by time:
     D:1: 860 daAuts
     D:3: 576 daAuts
     D:2: 523 daAuts
